AoeStats
← TBAALB

Fortress

510220010Analyzed
3v3 RM · 11h ago on Sep 30, 2026· 43m 0s· 6 players
Game mode
Random Map
Map size
Large (8 player)
Population
200
Speed
Normal
Resources
Standard
Victory
Conquest
Starting age
Dark Age
Ending age
Imperial Age
RankedLock teamsTeams togetherTeam positionsShared explorationLock speedFull tech treeHidden civsTurbo modeCheats
Victory
Defeat
🇨🇱 Bohemians · Chile
1037
+11
🇨🇳 Khitans · China
936
+14
🇧🇷 Persians · Brazil
779
+21
🇺🇸 Celts · United States
921
-16
🇩🇪 Koreans · Germany
912
-16
🇺🇸 Ethiopians · United States
872
-14
TBAALB
7:58 Feudal Age
9:53 Double-Bit Axe
12:56 Castle Age
11:47 Horse Collar
15:39 Wheelbarrow
18:54 Bow Saw
20:41 Hand Cart
20:51 Stone Mining
21:49 Heavy Plow
22:37 Stone Shaft Mining
21:54 Gold Mining
25:17 Gold Shaft Mining
25:58 Caravan
26:31 Coinage
26:17 Loom
30:07 Imperial Age
27:24 Town Watch
28:12 Forging
28:03 Scale Mail Armor
27:54 Fletching
28:28 Ballistics
28:26 Eupseong
30:41 Iron Casting
30:21 Chain Mail Armor
30:02 Bodkin Arrow
30:14 Squires
29:59 Arson
29:38 Pikeman
30:20 Man-at-Arms
32:45 Two-Man Saw
31:21 Halberdier
31:23 Long Swordsman
33:22 Plate Mail Armor
32:53 Bracer
33:31 Conscription
32:52 Elite Fire Lancer
32:55 Two-Handed Swordsman
35:26 Thumb Ring
34:44 Heavy Cavalry Archer
35:40 Town Patrol
36:11 Elite Skirmisher
36:13 Crossbowman
38:26 Chemistry
37:32 Siege Engineers
37:48 Champion
39:47 Scale Barding Armor
39:50 Arbalester
41:07 Chain Barding Armor
40:50 Cavalier
41:30 Husbandry
40:51 Light Cavalry
Khan Noonien Smith
6:39 Feudal Age
7:22 Double-Bit Axe
7:25 Horse Collar
12:36 Castle Age
12:40 Stone Mining
13:49 Town Watch
15:54 Bow Saw
17:34 Heavy Plow
17:47 Pikeman
20:01 Wheelbarrow
20:56 Fletching
22:22 Hand Cart
23:22 Town Patrol
24:27 Caravan
26:09 Gold Mining
29:46 Imperial Age
29:39 Stronghold
30:02 Fortified Wall
29:47 Murder Holes
29:48 Halberdier
29:51 Man-at-Arms
30:17 Gambesons
30:08 Capped Ram
31:17 Conscription
32:22 Gold Shaft Mining
31:58 Siege Ram
32:20 Light Cavalry
33:47 Long Swordsman
34:29 Two-Handed Swordsman
34:55 Arson
38:33 Furor Celtica
38:22 Champion
39:08 Heavy Scorpion
40:29 Onager
Teblu
5:09 Loom
7:36 Feudal Age
10:36 Fletching
10:47 Padded Archer Armor
13:02 Castle Age
16:51 Horse Collar
16:58 Double-Bit Axe
17:33 Gold Mining
18:06 Bow Saw
18:26 Heavy Plow
20:39 Crossbowman
22:58 Leather Archer Armor
23:44 Bodkin Arrow
24:55 Ballistics
26:37 Wheelbarrow
29:29 Imperial Age
31:09 Chemistry
29:33 Onager
31:05 Thumb Ring
32:08 Conscription
32:10 Arbalester
32:56 Bracer
41:58 Light Cavalry
天三
0:38 Loom
6:17 Feudal Age
12:16 Castle Age
10:41 Double-Bit Axe
10:38 Domestication
11:56 Loom
12:45 Gold Mining
14:41 Bow Saw
16:57 Pastoralism
16:51 Stone Mining
20:44 Wheelbarrow
20:17 Town Watch
20:44 Husbandry
20:05 Light Cavalry
21:54 Light Cavalry
24:29 Stone Shaft Mining
27:04 Imperial Age
24:52 Hand Cart
26:34 Town Patrol
27:00 Forging
28:01 Scale Barding Armor
28:32 Iron Casting
29:25 Chain Barding Armor
28:59 Fletching
30:04 Caravan
30:16 Guilds
31:13 Plate Barding Armor
30:42 Padded Archer Armor
30:39 Bodkin Arrow
32:47 Leather Archer Armor
32:32 Bracer
33:07 Conscription
32:54 Ordo Cavalry
33:10 Siege Engineers
33:19 Masonry
33:19 Fortified Wall
33:30 Ballistics
32:53 Treadmill Crane
33:59 Lamellar Armor
35:31 Ring Archer Armor
34:25 Hussar
34:56 Elite Liao Dao
37:08 Parthian Tactics
36:04 Heavy Cavalry Archer
38:42 Chemistry
38:50 Scale Mail Armor
Gomes
0:35 Loom
10:29 Feudal Age
12:49 Wheelbarrow
12:00 Double-Bit Axe
11:58 Horse Collar
12:10 Gold Mining
12:14 Stone Mining
17:37 Castle Age
23:16 Hand Cart
26:36 Scale Mail Armor
27:41 Town Watch
28:55 Gold Shaft Mining
31:00 Stone Shaft Mining
33:02 Imperial Age
32:03 Town Patrol
32:22 Chain Mail Armor
33:44 Conscription
35:44 Bow Saw
35:36 Heavy Plow
36:11 Plate Mail Armor
35:07 Elite War Elephant
35:45 Pikeman
36:17 Gambesons
36:28 Fletching
36:36 Halberdier
40:06 Caravan
Bullangebrio
8:03 Feudal Age
11:48 Castle Age
10:10 Double-Bit Axe
10:11 Horse Collar
19:25 Wheelbarrow
19:06 Loom
23:22 Bow Saw
26:36 Imperial Age
25:27 Hand Cart
25:35 Heavy Plow
25:42 Pikeman
27:51 Chemistry
28:00 Wagenburg Tactics
28:17 Conscription
28:09 Houfnice
29:28 Halberdier
30:10 Scale Mail Armor
30:23 Forging
31:02 Siege Engineers
33:03 Squires
33:41 Iron Casting
33:22 Chain Mail Armor
35:39 Blast Furnace
34:40 Padded Archer Armor
35:51 Plate Mail Armor
35:36 Elite Hussite Wagon
40:47 Guilds
41:24 Leather Archer Armor
Connection lost

Rejoining the realm…

Still unreachable

The connection could not be restored.

Session expired

The server has moved on; the page needs a fresh start.